 Dungeon Crawl Stone Soup version 0.31-a0-426-g3a05650e59 (webtiles) character file.

Game seed: 8829946856465574388

35 cforsyth the Charlatan (level 3, 0/42 HPs)
             Began as a Gnoll Artificer on July 30, 2023.
             Slain by a goblin
             ... wielding a +0 club
              (3 damage)
             ... on level 2 of the Dungeon.
             The game lasted 00:02:42 (1237 turns).

cforsyth the Charlatan (Gnoll Artificer)            Turns: 1237, Time: 00:02:42

Health: 0/42       AC: 21    Str: 13    XL:     3   Next: 33%
Magic:  4/4        EV:  2    Int: 10    God:
Gold:   27         SH:  0    Dex: 12    Spells: 3/3 levels left

rFire   . . .        a - +0 club
rCold   . . .        (no shield)
rNeg    . . .        b - melded +0 leather armour
rPois   +            (helmet currently unavailable)
rElec   .            (cloak currently unavailable)
rCorr   .            (gloves currently unavailable)
SInv    .            (boots currently unavailable)
Will    .....        (no amulet)
Stlth   ++           (no ring)
HPRegen 0.27/turn    (no ring)
MPRegen 0.09/turn

%: no passive effects
@: lethally poisoned (0 -> -3), tree-form
A: stationary, stasis, torment immunity, boosted hp, (fangs 1), strong nose,
distributed training
a: no special abilities


You were on level 2 of the Dungeon.
You were a tree.
You visited 1 branch of the dungeon, and saw 2 of its levels.

You collected 27 gold pieces.

Inventory:

Hand Weapons
 a - a +0 club (weapon)
Armour
 b - a +0 leather armour (melded)
Wands
 c - a wand of flame (15) (quivered)
 d - a wand of charming (15)
 e - a wand of iceblast (5)
Scrolls
 g - a scroll of summoning {unknown}
 h - a scroll of noise {unknown}
 i - a scroll of brand weapon {unknown}
 j - a scroll of fear {unknown}
 k - a scroll of vulnerability {unknown}
 l - a scroll of poison {unknown}
 m - a scroll of identify {unknown}


   Skills:
 + Level 2.6 Fighting
 + Level 0.7 Short Blades
 + Level 0.7 Long Blades
 + Level 0.7 Axes
 + Level 0.7 Maces & Flails
 + Level 0.7 Polearms
 + Level 0.7 Staves
 + Level 0.7 Ranged Weapons
 + Level 0.7 Throwing
 + Level 4.5 Armour
 + Level 2.6 Dodging
 + Level 2.3 Stealth
 + Level 0.7 Shields
 + Level 0.7 Unarmed Combat
 + Level 0.7 Spellcasting
 + Level 0.5 Conjurations
 + Level 0.5 Hexes
 + Level 0.5 Summonings
 + Level 0.5 Necromancy
 + Level 0.5 Translocations
 + Level 0.5 Transmutations
 + Level 0.5 Fire Magic
 + Level 0.5 Ice Magic
 + Level 0.5 Air Magic
 + Level 0.5 Earth Magic
 + Level 0.5 Poison Magic
 + Level 0.9 Invocations
 + Level 6.5 Evocations
 + Level 0.5 Shapeshifting


You had 3 spell levels left.
You didn't know any spells.
Your spell library contained the following spells:

 Spells                   Type           Power      Damage    Failure   Level
 Shock                    Conj/Air       4%         1d3       28%         1
 Sublimation of Blood     Necr           1%         N/A       41%         2
 Wereblood                Tmut           1%         N/A       41%         2
 Swiftness                Air            1%         N/A       65%         3
 Airstrike                Air            0%         2d(1-17)  96%         4
 Summon Hydra             Summ           0%         N/A       100%        7


Dungeon Overview and Level Annotations

Branches:
Dungeon (2/15)

Altars:


Innate Abilities, Weirdness & Mutations

You are a tree.
Your roots penetrate the ground, keeping you stationary.
You cannot be teleported.
You are immune to unholy pain and torment.
Your maximum health is greatly increased.
Your equipment is partially melded.
((You have very sharp teeth.))
Your uncanny sense of smell can sniff out nearby items.
Your experience applies equally to all skills.


Message History

You are more poisoned.
The adder poisons you! The adder bites you.
You are more poisoned.
The adder poisons you!
You barely miss the adder.
The adder is severely wounded.
You feel very sick. The adder closely misses you. The adder barely misses you.
You are too injured to fight recklessly!
You are too injured to fight recklessly!
You are too injured to fight recklessly!
You are too injured to fight recklessly!
You are too injured to fight recklessly!
You are too injured to fight recklessly!
You are too injured to fight recklessly!
You are too injured to fight recklessly!
You are too injured to fight recklessly!
You are too injured to fight recklessly!
You are too injured to fight recklessly!
You miss the adder.
The adder is severely wounded.
You feel very sick.
The goblin shouts!
The adder misses you.
You closely miss the adder.
The adder is severely wounded.
* * * LOW HITPOINT WARNING * * *
You feel sick. The adder closely misses you. The adder barely misses you.
You closely miss the adder.
The adder is severely wounded.
* * * LOW HITPOINT WARNING * * *
You feel sick. The adder bites you.
* * * LOW HITPOINT WARNING * * *
The goblin hits you but does no damage. The adder bites you but does no damage.
It was a potion of lignification.
You turn into a tree.
Your +0 leather armour melds into your body.
Your roots penetrate the ground.
* * * LOW HITPOINT WARNING * * *
You feel sick. The goblin hits you with a +0 club.
You die...

....#.# ###.#.#
#.#.########
###'#........# #.
.......#####.########..#
.##....# #..........
.##....# #..........
.♣#....#####+#..S......#
.P#....##.......♣g.....#
.♣#....##..............#
.P#.#####..............#
.♣### #..............#
.P# #..............# .8#
#.....#+######## .P#
#.....# .♣# #####.....#
.P# #...†.....#


You could see an adder and a goblin.

Vanquished Creatures
  A dart slug (D:1)
  2 ball pythons
  9 bats
  7 endoplasms
  A giant cockroach (D:2)
  A goblin (D:1)
  3 hobgoblins (D:1)
  A frilled lizard (D:1)
  4 kobolds
  2 rats
31 creatures vanquished.

Notes
Turn   | Place    | Note
-------+----------+-------------------------------------------
     0 | D:1      | cforsyth the Gnoll Artificer began the quest for the Orb.
     0 | D:1      | Reached XP level 1. HP: 17/17 MP: 1/1
   112 | D:1      | Reached XP level 2. HP: 19/23 MP: 2/2
   702 | D:1      | Reached XP level 3. HP: 28/28 MP: 3/3
  1237 | D:2      | Slain by a goblin

Illustrated notes

Levels and vault maps discovered:
D:1:      scummos_arrival_gate, layout_loops_ring, solitary_fountain
D:2:      layout_basic, dreamdust_princess_corridor, reono_crystal_passage

Action                     || total
---------------------------++-------
  Melee: Club              ||   110
         Bite              ||    10
         Punch             ||     1
    Use: Potion            ||     1
   Stab: Sleeping          ||     5
 Armour: Leather armour    ||    61
  Dodge: Dodged            ||    88

Table legend: (Time is in decaauts)
 A = Elapsed time spent in this place.
 B = Non-inter-level travel time spent in this place.
 C = Inter-level travel time spent in this place.
 D = Time resting spent in this place.
 E = Time spent auto-exploring this place.
 F = Levels seen in this place.
 G = Mean time per level.
                   A        B        C        D        E       F      G
               +--------+--------+--------+--------+--------+-----+--------+
         Total |   1267 |   1218 |     49 |      0 |    910 |   2 |  633.5 |
       Dungeon |   1267 |   1218 |     49 |      0 |    910 |   2 |  633.5 |
               +--------+--------+--------+--------+--------+-----+--------+

Top non-repeatable levels by time:
     D:1: 1015 daAuts
     D:2: 251 daAuts
